 Dungeon Crawl Stone Soup version 0.26.1-11-gd32895ea62 (webtiles) character file.

Game seed: 15087595304099302023

142 Zeld the Skirmisher (level 5, -4/37 HPs)
             Began as an Octopode Fighter on May 11, 2021.
             Killed by nerve-wracking pain
             ... invoked by Grinder
              (14 damage)
             ... on level 4 of the Dungeon.
             The game lasted 00:03:40 (3338 turns).

Zeld the Skirmisher (Octopode Fighter)              Turns: 3338, Time: 00:03:40

Health: -4/37      AC:  1    Str: 16    XL:     5   Next: 25%
Magic:  5/5        EV: 11    Int: 11    God:
Gold:   26         SH:  9    Dex: 11    Spells: 4/4 levels left

rFire    . . .     SeeInvis .   a - +0 war axe
rCold    . . .     Faith    .   b - +0 kite shield
rNeg     . . .     Spirit   .   (helmet restricted)
rPois    .         Reflect  .   (no amulet)
rElec    .         Harm     .   (no ring)
rCorr    .         Rampage  .   (no ring)
Will     .....                  (no ring)
Stlth    ++........             (no ring)
HPRegen  0.12/turn              (no ring)
MPRegen  0.09/turn              (no ring)
                                (no ring)
                                (no ring)

@: no status effects
A: almost no armour, stealthy swim, amphibious, 8 rings, constrict 8, camouflage
1, gelatinous body 1
a: no special abilities


You were on level 4 of the Dungeon.
You visited 1 branch of the dungeon, and saw 4 of its levels.

You collected 140 gold pieces.
You spent 114 gold pieces at shops.

Inventory:

Hand Weapons
 a - a +0 war axe (weapon)
Missiles
 j - 8 poisoned darts (quivered)
 q - 2 javelins
Armour
 b - a +0 kite shield (worn)
Jewellery
 p - an uncursed ring of wizardry {unknown}
Wands
 o - a wand of polymorph (4)
Scrolls
 d - 5 scrolls of remove curse {unknown}
 e - a scroll of amnesia {unknown}
 f - 4 scrolls of identify
 g - 2 scrolls of enchant armour
 k - 2 scrolls of teleportation {unknown}
Potions
 c - a potion of might
 h - a potion of haste {unknown}
 i - 2 potions of mutation {unknown}
 l - a potion of resistance {unknown}
 m - a potion of flight {unknown}
 n - a potion of curing {unknown}


   Skills:
 - Level 3.8 Fighting
 - Level 3.0 Axes
 * Level 2.3 Throwing
 - Level 3.0 Dodging
 - Level 3.8 Shields
 * Level 0.1 Spellcasting


You had 4 spell levels left.
You didn't know any spells.
Your spell library contained the following spells:

 Spells                   Type           Power        Failure   Level
 Sting                    Tmut/Pois      0%           83%         1


Dungeon Overview and Level Annotations

Branches:
Dungeon (4/15)
 Temple: D:4-7

Altars:
Qazlal
Sif Muna
Trog

Shops:
D:4 *

Annotations:
D:4 Grinder


Innate Abilities, Weirdness & Mutations

You cannot wear most types of armour.
You are very stealthy in the water. (Stealth+)
You are amphibious.
You can wear up to eight rings at the same time.
You can use your tentacles to constrict eight enemies at once.
Your skin changes colour to match your surroundings (Stealth+).
Your rubbery body absorbs attacks. (AC +1, EV +1)


Message History

g - 2 scrolls of enchant armour (gained 1) Thank you for shopping at Searane's General Store!
You can access your shopping list by pressing '$'.
Okay, then.
There is an open door here.
Grinder comes into view.
Grinder is nearby!
Grinder is nearby!
A centaur skeleton comes into view.
Grinder gestures at you.
You suddenly lose the ability to move!
The centaur skeleton hits you. x3
Grinder hits you!
You writhe in agony.
The centaur skeleton hits you.
* * * LOW HITPOINT WARNING * * *
You can move again.
Unknown command.
You block Grinder's attack. Grinder gestures at you.
Pain shoots through your body!
You die...

#....#### #......#
.....# ..##......#
#####....#.#..+......#
#..........#..#...#..#
#.# #......# #..#......#
#.# #Z# #.........# #.#
###5#######.#......#
#.#.#...........###..#.#
#.#.#§#@............<#.#
#≈≈§≈≈..##############.#
##≈###≈#.# #..........#
#..'∩#≈#"# #.##########
#.≈###≈#.# #.#
#.≈≈≈≈≈#.# #.#
#..###.#.# #.# ##.# #..
#.# #.# #.#


You could see Grinder and a centaur skeleton.

Vanquished Creatures
  Jessica (D:3)
  A gnoll (D:3)
  3 adders
  An ooze (D:2)
  3 worms
  A dart slug (D:1)
  3 leopard geckos
  2 giant cockroaches
  12 hobgoblins
  4 jackals (D:1)
  A quokka (D:2)
  7 bats
  2 frilled lizards
  5 goblins
  7 kobolds
  6 rats
59 creatures vanquished.

Notes
Turn   | Place    | Note
-------+----------+-------------------------------------------
     0 | D:1      | Zeld the Octopode Fighter began the quest for the Orb.
     0 | D:1      | Reached XP level 1. HP: 16/16 MP: 1/1
    56 | D:1      | Reached XP level 2. HP: 6/21 MP: 2/2
   485 | D:1      | Reached XP level 3. HP: 26/26 MP: 3/3
  1371 | D:2      | Reached XP level 4. HP: 33/33 MP: 4/4
  2264 | D:3      | Found a stormy altar of Qazlal.
  2591 | D:3      | Reached skill level 1 in Throwing
  2631 | D:3      | Found a bloodstained altar of Trog.
  2636 | D:3      | Noticed Jessica
  2641 | D:3      | Killed Jessica
  2642 | D:3      | Reached XP level 5. HP: 13/37 MP: 5/5
  2841 | D:3      | Found a shimmering blue altar of Sif Muna.
  2844 | D:3      | Identified Sif Muna's Tome of Changing
  3270 | D:4      | Found Searane's General Store.
  3273 | D:4      | Bought a scroll of identify for 24 gold pieces
  3273 | D:4      | Bought a scroll of enchant armour for 90 gold pieces
  3327 | D:4      | Noticed Grinder
  3329 | D:4      | Paralysed by Grinder for 7 turns
  3338 | D:4      | Killed from afar by Grinder

Illustrated notes

Levels and vault maps discovered:
D:1:      dpeg_arrival_connections, layout_rooms, chequers_serial_rivers_room_b
D:2:      layout_basic
D:3:      layout_basic, nzn_overflow_gifts_of_might_and_magic,
          nicolae_qazlal_eye_of_the_storm
D:4:      layout_basic, nzn_hepliaklqana_mist_gate, serial_shops,
          kennysheep_mini, shop, nicolae_shop_trees, kennysheep_mini_moat,
          kennysheep_little_box, uniq_menkaure, uniq_grinder

Skill      XL: |  1  2  3  4 |
---------------+-------------+-----
Axes           | 3 |  3.0
Throwing       | 2 |  2.3
Fighting       | |  3.8
Dodging        | |  3.0
Shields        | |  3.8
Spellcasting   | |  0.1

Action                   |  1- 3 |  4- 6 || total
-------------------------+-------+-------++-------
Melee: War axe           |    58 |    48 ||   106
       Constrict         |    14 |    11 ||    25
       Tentacles         |     7 |     9 ||    16
 Stab: Sleeping          |     5 |     3 ||     8
Armor: Skin              |     6 |     2 ||     8
Dodge: Dodged            |    25 |     5 ||    30
Block: Kite shield       |    24 |    26 ||    50
